 Dungeon Crawl Stone Soup version 0.27.1-33-g824d729ab1 (webtiles) character file.

Game seed: 6400030955060130816

1728 Kallu the Cleaver (level 8, -26/78 HPs)
             Began as a Minotaur Monk on Dec 1, 2021.
             Was a Believer of the Shining One.
             Annihilated by a two-headed ogre (31 damage)
             ... on level 6 of the Dungeon.
             The game lasted 00:08:36 (5086 turns).

Kallu the Cleaver (Minotaur Monk)                   Turns: 5086, Time: 00:08:36

Health: -26/78     AC: 12    Str: 25    XL:     8   Next: 76%
Magic:  8/8        EV: 10    Int:  7    God:    the Shining One [**....]
Gold:   341        SH:  0    Dex: 18    Spells: 7/7 levels left

rFire    . . .     SeeInvis .   a - +0 war axe (freeze)
rCold    . . .     Faith    .   (no shield)
rNeg     + . .     Spirit   .   f - +0 chain mail
rPois    .         Reflect  .   (helmet restricted)
rElec    .         Harm     .   (no cloak)
rCorr    .         Rampage  .   v - +0 pair of gloves
Will     .....                  z - +0 pair of boots
Stlth    ..........             l - amulet of the acrobat
HPRegen  0.23/turn              c - +6 ring of dexterity
MPRegen  0.11/turn              y - +6 ring of strength

@: marked, glowing
A: horns 2, retaliatory headbutt
a: Renounce Religion, Divine Shield


You were on level 6 of the Dungeon.
You worshipped the Shining One.
The Shining One was pleased with you.
You visited 1 branch of the dungeon, and saw 6 of its levels.

You collected 431 gold pieces.
You spent 90 gold pieces at shops.

Inventory:

Hand Weapons
 a - a +0 war axe of freezing (weapon)
 b - a +3 flail
Missiles
 q - 7 javelins (quivered)
 t - a throwing net
Armour
 f - a +0 chain mail (worn)
 v - a +0 pair of gloves (worn)
 z - a +0 pair of boots (worn)
Jewellery
 c - a +6 ring of dexterity (left hand)
 l - an amulet of the acrobat (around neck)
 y - a +6 ring of strength (right hand)
Wands
 s - a wand of paralysis (6)
Scrolls
 g - a scroll of identify
 i - 2 scrolls of fog {unknown}
 k - a scroll of blinking {unknown}
 n - 2 scrolls of enchant armour
 u - a scroll of vulnerability {unknown}
 A - a scroll of magic mapping
Potions
 d - a potion of resistance {unknown}
 e - 3 potions of heal wounds
 h - a potion of berserk rage {unknown}
 j - 2 potions of magic {unknown}
 m - 2 potions of flight {unknown}
 o - 2 potions of haste {unknown}
 p - a potion of degeneration {unknown}
 r - a potion of lignification {unknown}
 w - a potion of curing {unknown}
 x - a potion of might {unknown}


   Skills:
 + Level 9.1 Fighting
 + Level 9.2 Axes
 + Level 5.5 Armour
 - Level 3.2 Dodging
 - Level 1.5 Stealth
 - Level 2.0 Invocations


You had 7 spell levels left.
You didn't know any spells.
Your spell library contained the following spells:

 Spells                   Type           Power      Damage    Failure   Level
 Freeze                   Ice            0%         1d3       96%         1
 Magic Dart               Conj           0%         1d3       96%         1
 Searing Ray              Conj           0%         3d3       99%         2
 Dazzling Flash           Conj/Hex       0%         N/A       100%        3
 Frozen Ramparts          Ice            0%         1d2       100%        3
 Fulminant Prism          Conj/Hex       0%         3d6       100%        4
 Hailstorm                Conj/Ice       0%         3d3       100%        4
 Agony                    Necr           0%         N/A       100%        5
 Silence                  Hex/Air        0%         N/A       100%        5
 Summon Forest            Summ/Tloc      0%         N/A       100%        5
 Eringya's Noxious Bog    Tmut/Pois      0%         N/A       100%        6
 Summon Hydra             Summ           0%         N/A       100%        7


Dungeon Overview and Level Annotations

Branches:
Dungeon (6/15)
 Temple: D:4-7

Altars:
Ashenzari
Nemelex Xobeh
Okawaru
Wu Jian
The Shining One

Shops:
D:3 ?


Innate Abilities, Weirdness & Mutations

You have a pair of horns on your head.
You reflexively headbutt those who attack you in melee.


Message History

You slash the bullfrog zombie!
You destroy the bullfrog zombie!
The Shining One accepts your kill.
You feel better.
A kobold brigand comes into view.
It is wielding a +0 whip and quivering curare-tipped darts.
A wyvern skeleton comes into view.
The two-headed ogre completely misses you. x2
You slash the two-headed ogre! You freeze the two-headed ogre.
You headbutt the two-headed ogre, but do no damage.
The two-headed ogre is moderately wounded.
The two-headed ogre barely misses you. You furiously retaliate!
You headbutt the two-headed ogre.
The two-headed ogre hits you with a +0 giant club.
You hit the two-headed ogre. You freeze the two-headed ogre.
You headbutt the two-headed ogre!
The two-headed ogre is almost dead.
The two-headed ogre hits you with a +0 giant club!! x2
* * * LOW HITPOINT WARNING * * *
The orc warrior hits you from afar with a +0 glaive.
* * * LOW HITPOINT WARNING * * *
You hit the two-headed ogre. You freeze the two-headed ogre.
The two-headed ogre is almost dead.
A white imp comes into view.
The orc warrior closely misses you.
Unknown command.
You hit the two-headed ogre. You freeze the two-headed ogre.
The two-headed ogre is almost dead.
The two-headed ogre hits you with a +0 giant club!
* * * LOW HITPOINT WARNING * * *
The two-headed ogre completely misses you.
The orc warrior hits you but does no damage.
Unknown command.
Okay, then.
Okay, then.
Okay, then.
As you read the scroll labelled NUT TYHOGAEN IQA, it crumbles to dust.
It is a scroll of identify.
e - 3 potions of heal wounds The two-headed ogre hits you with a +0 giant club!!
You die...

# ..# #
#.# #
..#.# #
#.#.# ####
#...#.#
...#
#.#.#.#
...#
#.)o#.#
...# #.#.#
...# #@#.#
...# #.OZ#
.### ###5#
.# #.# .#
#.....#
#.# .#
#.....#
#.# .#
#.....#
#.# .#
#.....#
#.# .#
###.....##
#.#


You could see a two-headed ogre, an orc warrior, a white imp and a wyvern
skeleton.

Vanquished Creatures
  Menkaure (D:5)
  An ice beast (D:6)
  2 ogres
  A centaur (D:6)
  2 phantoms
  A kobold brigand (D:6)
  2 bullfrogs (D:6)
  Blork the orc (D:5)
  A scorpion (D:4)
  A wyvern skeleton (D:4)
  A bullfrog zombie (D:6)
  A centaur zombie (D:6)
  A bullfrog skeleton (D:5)
  4 hounds
  4 orc priests
  A gnoll shaman (D:6)
  4 orc wizards
  Terence (D:2)
  An iguana (D:4)
  Robin (D:2)
  6 adders
  2 worms
  A dart slug (D:2)
  24 orcs
  7 endoplasms
  5 giant cockroaches
  19 goblins
  7 hobgoblins
  15 jackals (D:1)
  2 quokkas
  6 ball pythons
  4 bats
  3 frilled lizards
  8 kobolds
  5 rats
146 creatures vanquished.

Notes
Turn   | Place    | Note
-------+----------+-------------------------------------------
     0 | D:1      | Kallu the Minotaur Monk began the quest for the Orb.
     0 | D:1      | Reached XP level 1. HP: 19/19 MP: 0/0
   112 | D:1      | Reached XP level 2. HP: 27/27 MP: 1/1
   487 | D:1      | Reached XP level 3. HP: 34/34 MP: 2/2
   828 | D:1      | Reached skill level 1 in Armour
   930 | D:2      | Noticed Robin
   936 | D:2      | Reached XP level 4. HP: 36/41 MP: 3/3
   951 | D:2      | Killed Robin
  1240 | D:2      | Reached skill level 5 in Axes
  1287 | D:2      | Reached skill level 5 in Fighting
  1562 | D:2      | Noticed Terence
  1575 | D:2      | Killed Terence
  1576 | D:2      | Reached XP level 5. HP: 45/48 MP: 4/4
  2084 | D:3      | Found Amih's Magic Scroll Shoppe.
  2092 | D:3      | Bought a scroll of enchant armour for 90 gold pieces
  2257 | D:3      | Found a faded altar of an unknown god.
  2385 | D:4      | Reached XP level 6. HP: 28/57 MP: 5/5
  3546 | D:4      | Found an iron altar of Okawaru.
  3708 | D:5      | Entered Level 5 of the Dungeon
  3754 | D:5      | Reached XP level 7. HP: 40/64 MP: 6/6
  3998 | D:5      | Noticed Blork the orc
  4005 | D:5      | Killed Blork the orc
  4083 | D:5      | Noticed Menkaure
  4090 | D:5      | Killed Menkaure
  4442 | D:5      | Found a broken altar of Ashenzari.
  4450 | D:5      | Found a glowing golden altar of the Shining One.
  4454 | D:5      | Became a worshipper of the Shining One
  4454 | D:5      | Reached * piety under the Shining One
  4454 | D:5      | Reached ** piety under the Shining One
  4717 | D:5      | Found a sparkling altar of Nemelex Xobeh.
  4722 | D:5      | Reached skill level 1 in Invocations
  4722 | D:5      | Reached XP level 8. HP: 74/74 MP: 6/8
  4931 | D:6      | Identified the +2 whip of Toxtuw {flame, rElec rCorr}
  4952 | D:6      | Found an ornate altar of the Wu Jian Council.
  5076 | D:6      | Reached skill level 5 in Armour
  5079 | D:6      | Noticed a two-headed ogre
  5086 | D:6      | Annihilated by a two-headed ogre

Illustrated notes

Levels and vault maps discovered:
D:1:      dpeg_arrival_short_road, layout_loops_ring, serial_bayou_pond_e,
          nrook_loot_triangle
D:2:      layout_basic, uniq_robin, uniq_terence
D:3:      layout_rooms, shapermc_ecumenical_altar_acropolis, serial_shops,
          shop_statue, minmay_starry_boxes
D:4:      layout_layer_cave, kennysheep_mini
D:5:      layout_gridville, mainiacjoe_overflow_big_doors,
          nemelex_dance_club_becter, uniq_blork_the_orc, uniq_menkaure
D:6:      layout_basic, grunt_dithmenos_shadows, amcnicky_altar_gilded,
          hangedman_minor_gate_pass

Skill      XL: |  1  2  3  4  5  6  7  8 |
---------------+-------------------------+-----
Fighting       | 4 5 6 8 9 |  9.1
Axes           | 4 5 6 8 9 |  9.2
Armour         | 1 2 3 4 5 |  5.5
Invocations    | 1 2 |  2.0
Dodging        | |  3.2
Stealth        | |  1.5

Action                   |  1- 3 |  4- 6 |  7- 9 || total
-------------------------+-------+-------+-------++-------
Melee: Hand axe          |    81 |   125 |       ||   206
       Headbutt          |    17 |    42 |    20 ||    79
       War axe           |       |     7 |    62 ||    69
Throw: Javelin           |       |     2 |       ||     2
Evoke: Wand              |       |       |     3 ||     3
  Use: Scroll            |       |     3 |     1 ||     4
 Stab: Sleeping          |     4 |       |       ||     4
       Paralysed         |       |       |     1 ||     1
Armor: Robe              |     9 |       |       ||     9
       Chain mail        |    21 |    61 |    35 ||   117
Dodge: Dodged            |    48 |    69 |    44 ||   161
